 Dungeon Crawl Stone Soup version 0.23-a0-350-g6fd5563 (webtiles) character file.

157 George the Shield-Bearer (level 5, -3/33 HPs)
             Began as a Gargoyle Fighter on Oct 20, 2018.
             Slain by a killer bee (4 damage)
             ... on level 3 of the Dungeon.
             The game lasted 00:04:15 (2427 turns).

George the Shield-Bearer (Gargoyle Fighter)         Turns: 2427, Time: 00:04:16

Health: -3/33      AC: 14    Str: 20    XL:     5   Next: 38%
Magic:  5/5        EV:  5    Int:  9    God:
Gold:   141        SH:  9    Dex:  9    Spells: 4/4 levels left

rFire    . . .     SeeInvis .   a - +0 flail
rCold    + . .     Gourm    .   c - +0 shield
rNeg     + . .     Faith    .   r - +0 chain mail
rPois    ∞         Spirit   .   (no helmet)
rElec    +         Reflect  .   (no cloak)
rCorr    .         Harm     .   w - +0 pair of gloves
MR       .....                  (no boots)
Stlth    ..........             o - amulet of the acrobat
HPRegen  0.11/turn              h - ring of protection from cold
MPRegen  0.09/turn              (no ring)

@: no status effects
A: negative energy resistance 1, electricity resistance, unbreathing,
petrification resistance, rot immunity, AC +4
a: no special abilities


You were on level 3 of the Dungeon.
You were not hungry.

You visited 1 branch of the dungeon, and saw 4 of its levels.

You collected 141 gold pieces.

Inventory:

Hand Weapons
 a - a +0 flail (weapon)
Missiles
 i - 4 tomahawks
 p - a throwing net (quivered)
Armour
 c - a +0 shield (worn)
 r - a +0 chain mail (worn)
 w - a +0 pair of gloves (worn)
Jewellery
 h - a ring of protection from cold (left hand)
 o - an amulet of the acrobat (around neck)
Scrolls
 j - 4 scrolls of teleportation
 t - a scroll of fear {unknown}
 u - 2 scrolls of fog {unknown}
Potions
 b - 2 potions of heal wounds
 d - a potion of might
 e - a potion of cancellation
 g - 2 potions of curing
 x - a potion of resistance
 z - a potion of ambrosia
 A - a potion of magic {unknown}
Comestibles
 f - 7 rations


   Skills:
 + Level 4.1 Fighting
 * Level 3.7 Maces & Flails
 + Level 4.1 Armour
 + Level 4.1 Shields


You had 4 spell levels left.
You didn't know any spells.
Your spell library was empty.

Dungeon Overview and Level Annotations

Branches:
Dungeon (4/15)
 Temple: D:4-7

Altars:
Ashenzari
Dithmenos
Gozag
Kikubaaqudgha
Ru

Shops:
D:4 *

Annotations:
D:4 1 transporter, Amnesiac's ghost, amateur DDEE


Innate Abilities, Weirdness & Mutations

You are resistant to torment.
Your stone body is resilient. (AC +4)
You are immune to poison.
You resist negative energy. (rN+)
You are resistant to electric shocks. (rElec)
You can survive without breathing.
You are immune to petrification.
You are immune to rotting.


Message History

The killer bee stings you.
You barely miss the killer bee.
The killer bee stings you but does no damage.
The killer bee stings you.
* * * LOW HITPOINT WARNING * * *
The killer bee stings you.
* * * LOW HITPOINT WARNING * * *
The killer bee stings you but does no damage.
You block the killer bee's attack. The killer bee stings you.
* * * LOW HITPOINT WARNING * * *
The killer bee stings you.
* * * LOW HITPOINT WARNING * * *
You block the killer bee's attack.
You miss the killer bee.
The killer bee stings you but does no damage.
The killer bee stings you.
* * * LOW HITPOINT WARNING * * *
You block the killer bee's attack. The killer bee barely misses you.
The killer bee stings you.
You die...

# #.###.....##>####.#
#
#..##.....##....#.####
##.##.######..........
#.##.# #..........
#..#.# #..........
##.#.# ###########
#...# ##yy# #y@# ####


You could see 3 killer bees.

Vanquished Creatures
  A hound skeleton (D:4)
  4 adders (D:3)
  An ooze (D:3)
  4 worms
  A dart slug (D:1)
  3 leopard geckos
  7 orcs (D:3)
  6 bats
  A bat zombie (D:3)
  3 giant cockroaches (D:1)
  4 goblins
  5 hobgoblins
  5 jackals (D:1)
  16 kobolds
  3 quokkas
  A ball python (D:3)
  6 frilled lizards
  10 rats
  A rat zombie (D:3)
82 creatures vanquished.

Notes
Turn   | Place    | Note
-------+----------+-------------------------------------------
     0 | D:1      | George the Gargoyle Fighter began the quest for the Orb.
     0 | D:1      | Reached XP level 1. HP: 14/14 MP: 1/1
    51 | D:1      | Reached XP level 2. HP: 18/19 MP: 2/2
   305 | D:1      | Reached XP level 3. HP: 23/23 MP: 3/3
  1198 | D:2      | Found a sacrificial altar of Ru.
  1440 | D:2      | Found an opulent altar of Gozag.
  1440 | D:2      | Found a shattered altar of Ashenzari.
  1441 | D:2      | Found a shadowy altar of Dithmenos.
  1709 | D:3      | Reached XP level 4. HP: 29/29 MP: 4/4
  1943 | D:3      | Reached XP level 5. HP: 17/33 MP: 5/5
  2055 | D:3      | Found an ancient bone altar of Kikubaaqudgha.
  2279 | D:4      | Found a transporter.
  2279 | D:4      | Noticed Amnesiac's ghost (amateur DDEE)
  2391 | D:4      | Found Riphum's Retail Resort.
  2427 | D:3      | HP: 1/33 [killer bee (1)]
  2427 | D:3      | Slain by a killer bee

Vault maps used:
D:1:      roderic_chinese_lattice_arrival, serial_bayou_pond_c,
          nrook_mini_backslash, chequers_avenue
D:2:      gammafunk_temple_overflow_claw, overflow_temple_1_default,
          first_ration, hex_large
D:3:      lemuel_zombie_altar_kikubaaqudgha, corexii_corridor_pit
D:4:      gammafunk_ghost_mausoleum, minivault_1, nicolae_alphabet_shops

Skill      XL: |  1  2  3  4 |
---------------+-------------+-----
Maces & Flails | 3 |  3.7
Fighting       | 4 |  4.1
Shields        | 4 |  4.1
Armour         | 4 |  4.1

Action                   |  1- 3 |  4- 6 || total
-------------------------+-------+-------++-------
Melee: Flail             |   194 |   191 ||   385
  Use: Scroll            |       |    12 ||    12
  Eat: Chunk             |     3 |     3 ||     6
Armor: Scale mail        |    94 |       ||    94
       Chain mail        |    56 |   141 ||   197
Dodge: Dodged            |    74 |    80 ||   154
Block: Shield            |   135 |   113 ||   248

Table legend:
 A = Non-vault XP
 B = Vault XP
 C = Vault XP percentage of total XP
 D = Non-vault monster count
 E = Vault monster count
 F = Vault count percentage of total count
                 A         B        C        D         E       F
            +---------+---------+-------+---------+---------+-------
      Total |     222 |       3 |   1.3 |      80 |       2 |   2.4
            +---------+---------+-------+---------+---------+-------
        D:1 |      49 |       0 |   0.0 |      28 |       0 |   0.0
        D:2 |      31 |       0 |   0.0 |      18 |       0 |   0.0
        D:3 |     116 |       3 |   2.5 |      30 |       2 |   6.2
        D:4 |      26 |       0 |   0.0 |       4 |       0 |   0.0
            +---------+---------+-------+---------+---------+-------
